 Dungeon Sprint DCSS version 0.31-a0-841-g038b102fc3 (webtiles) character file.

Game seed: 14833457350228324926

44 sircluck the Ruffian (level 3, 0/58 HPs)
             Began as a Troll Berserker on Sept 27, 2023.
             Was a Follower of Trog.
             Slain by a killer bee (4 damage)
             ... in the Dungeon (Sprint VII: "The Pits").
             The game lasted 00:00:08 (22 turns).

sircluck the Ruffian (Troll Berserker)                Turns: 22, Time: 00:00:08

Health: 0/58       AC:  4    Str: 27    XL:     3   Next: 39%
Magic:  2/2        EV: 10    Int:  3    God:    Trog [*.....]
Gold:   0          SH:  0    Dex:  9    Spells: 2/2 levels left

rFire   . .          .
                       - Unarmed
rCold   . . .        (no shield)
rNeg    . . .        a - +0 animal skin
rPois   .            (helmet restricted)
rElec   .            (no cloak)
rCorr   .            (gloves unavailable)
SInv    .            (boots unavailable)
Will    .....        (no amulet) Stlth
                     (no ring)
HPRegen 1.09/turn    (no ring)
MPRegen 0.08/turn

%: no teleportation
@: berserking (expiring), lethally poisoned (0 -> -4), very quick
A: large, unfitting armour, claws 3, regeneration 1, shaggy fur 1, tough skin 1
a: Renounce Religion, Berserk


You were in the Dungeon.
You worshipped Trog.
Trog was aware of your devotion.
You visited 1 branch

Inventory:

Armour
 a - a +0 animal skin (worn)
Scrolls
 g - a scroll of blinking
Potions
 b - a potion of curing
 c - a potion of heal wounds
 d - a potion of haste
 e - 2 potions of magic
 f - a potion of berserk rage


   Skills:
 + Level 4.0 Fighting
 + Level 4.0 Dodging
 + Level 4.9 Unarmed Combat


You had 2 spell levels left.
You didn't know any spells.
Your spell library was empty.

Dungeon Overview and Level Annotations

Branches:
Dungeon (1/1)

Altars:


Innate Abilities, Weirdness & Mutations

You are too large for most types of armour.
You have claws for hands.
Your natural rate of healing is unusually fast.
You are covered in fur. (AC +1)
You have tough skin. (AC +1)


Message History

Unknown command.
Unknown command.
You closely miss the killer bee. The killer bee stings you.
You are poisoned.
The killer bee poisons you!
You closely miss the killer bee.
You feel sick. The killer bee closely misses you.
The killer bee barely misses you. The killer bee stings you.
You are more poisoned.
The killer bee poisons you! The killer bee stings you.
The killer bee misses you. The killer bee stings you.
You miss the killer bee.
You feel very sick.
The killer bee stings you but does no damage.
The killer bee closely misses you. The killer bee stings you.
You closely miss the killer bee.
You feel sick. The killer bee closely misses you. The killer bee stings you.
The killer bee barely misses you.
You miss the killer bee.
You feel sick. The killer bee closely misses you. The killer bee stings you.
The killer bee stings you but does no damage.
You claw the killer bee! Your claw misses the killer bee.
The killer bee is severely wounded.
You feel sick. The killer bee barely misses you. x2
You feel sick. The killer bee stings you.
* * * LOW HITPOINT WARNING * * *
You are more poisoned.
The killer bee poisons you! The killer bee stings you.
* * * LOW HITPOINT WARNING * * *
The killer bee stings you but does no damage. x2
The freezing wraith barely misses you. The freezing wraith hits you.
* * * LOW HITPOINT WARNING * * *
There is a huge open gate to the Metal Vault (Medium) here.
You feel a strong urge to attack something.
* * * LOW HITPOINT WARNING * * *
You feel sick. The killer bee completely misses you.
The killer bee stings you but does no damage. x2
The killer bee misses you. The killer bee barely misses you.
The killer bee stings you.
You die...

##########++######
#................#
#......#..#......#
#................+
+................+
#......#..#......#
#........y@y.....#
####'#####yy######
#.......##'W#
#.......##....
#.......##......
#...<...##.....##
#.......##...###
#.......##..##
#.......##++#


You could see a freezing wraith and 4 killer bees.

Vanquished Creatures
  A killer bee (D)
1 creature vanquished.

Notes
Turn   | Place    | Note
-------+----------+-------------------------------------------
     0 | D        | sircluck the Troll Berserker began the quest for the Orb.
     0 | D        | Reached XP level 1. HP: 22/22 MP: 0/0
    11 | D        | Noticed a freezing wraith
    11 | D        | Noticed a killer bee
    11 | D        | Noticed a killer bee
    11 | D        | Noticed a killer bee
    11 | D        | Noticed a killer bee
    11 | D        | Noticed a killer bee
    14 | D        | Killed a killer bee
    15 | D        | Reached XP level 2. HP: 32/32 MP: 1/1
    15 | D        | Reached XP level 3. HP: 39/39 MP: 2/2
    22 | D        | Slain by a killer bee

Illustrated notes

Levels and vault maps discovered:
D:        pitsprint [storerooms_1, entrance_room_1, metal_vault_4, armoury_2,
          mini_pit_1, grid_room_1, main_hall_1, silver_pit, the_coven_1,
          the_vestibule_1, steel_vault_2, golden_pit, hallway_of_sentries,
          crystal_vault_4, iron_vault_1, final_vault]

Skill      XL: |  1 |
---------------+----+-----
Fighting       | 4 |  4.0
Dodging        | 4 |  4.0
Unarmed Combat | 4 |  4.9

Action                     || total
---------------------------++-------
  Melee: Unarmed           ||     8
 Invoke: Berserk           ||     1
 Armour: Animal skin       ||    19
  Dodge: Dodged            ||    14

Table legend: (Time is in decaauts)
 A = Elapsed time spent in this place.
 B = Non-inter-level travel time spent in this place.
 C = Inter-level travel time spent in this place.
 D = Time resting spent in this place.
 E = Time spent auto-exploring this place.
 F = Levels seen in this place.
 G = Mean time per level.
                   A        B        C        D        E       F      G
               +--------+--------+--------+--------+--------+-----+--------+
         Total |     18 |     18 |      0 |      0 |     11 |   1 |   18.0 |
       Dungeon |     18 |     18 |      0 |      0 |     11 |   1 |   18.0 |
               +--------+--------+--------+--------+--------+-----+--------+

Top non-repeatable levels by time:
       D: 18 daAuts
